MWL (24 & UNDER)
GRIM REAPERS @ PLUMSTEAD EAGLES
07/22/2029
 
TOP OF THE 1ST
Grim Reapers batting - Pitching for Plumstead Eagles : RHP Conrad Wilkinson
Pitching: RHP Conrad Wilkinson
Batting: SHB José Castillo 0-0: Called Strike
0-1: Ball
1-1: Ball
2-1: Foul Ball, location: 2F
2-2: Strikes out swinging
Batting: RHB Luis Samaripa 0-0: Swinging Strike
0-1: Ball
1-1: Ball
2-1: Foul Ball, location: 2F
2-2: Foul Ball, location: 2F
2-2: Foul Ball, location: 2F
2-2: Ball
3-2: Foul Ball, location: 2F
3-2: Strikes out swinging
Batting: RHB Justin Geoghegan 0-0: Ball
1-0: Called Strike
1-1: Swinging Strike
1-2: Strikes out swinging
Top of the 1st over - 0 runs, 0 hits, 0 errors, 0 left on base; Grim 0 - Plumstead 0
BOTTOM OF THE 1ST
Plumstead Eagles batting - Pitching for Grim Reapers : LHP Miguel Meneces
Pitching: LHP Miguel Meneces
Batting: RHB Carlos Palomón 0-0: Foul Ball, location: 2F
0-1: Foul Ball, location: 2F
0-2: Foul Ball, location: 2F
0-2: Ball
1-2: Foul Ball, location: 2F
1-2: DOUBLE (Groundball, 5L)
Batting: SHB Joaquín Gilera 0-0: Swinging Strike
0-1: Ball
1-1: Ball
2-1: Swinging Strike
2-2: Strikes out swinging
Batting: SHB Travis Martin 0-0: Ball
Carlos Palomón steals 3rd base
1-0: Ball
2-0: Called Strike
2-1: DOUBLE (Flyball, 78D)
Carlos Palomón scores
Batting: LHB Ismael Barajas 0-0: Foul Ball, location: 2F
0-1: Ball
1-1: Swinging Strike
1-2: Ball
2-2: Foul Ball, location: 2F
2-2: Foul Ball, location: 2F
2-2: Foul Ball, location: 2F
2-2: Ball
3-2: Base on Balls
Batting: LHB Jerry Tolbert 0-0: Called Strike
0-1: Ball
1-1: Ball
2-1: Called Strike
2-2: Ball
3-2: Fielders Choice at 2nd, 6-4 (Groundball, 6)
Travis Martin to third
Batting: LHB Dennis McConnell 0-0: Ball
1-0: Swinging Strike
1-1: Ball
2-1: Foul Ball, location: 2F
2-2: Strikes out swinging
Bottom of the 1st over - 1 run, 2 hits, 0 errors, 2 left on base; Grim 0 - Plumstead 1
TOP OF THE 2ND
Grim Reapers batting - Pitching for Plumstead Eagles : RHP Conrad Wilkinson
Batting: RHB Holden Davis 0-0: Ground out 6-3 (Groundball, 6)
Batting: SHB Sean Moody 0-0: Swinging Strike
0-1: Ball
1-1: Foul Ball, location: 2F
1-2: Ball
2-2: DOUBLE (Line Drive, 8RD)
Batting: RHB Joel Hebert 0-0: Swinging Strike
0-1: Ball
1-1: Ball
2-1: Ball
3-1: Base on Balls
Batting: RHB Júlio Núñez 0-0: Called Strike
0-1: Ball
1-1: Ball
2-1: Foul Ball, location: 2F
2-2: Ball
3-2: Foul Ball, location: 2F
3-2: Foul Ball, location: 2F
3-2: Strikes out swinging
Batting: SHB Frank Grant 0-0: Called Strike
0-1: Swinging Strike
0-2: Foul Ball, location: 2F
0-2: Ball
1-2: Strikes out swinging
Top of the 2nd over - 0 runs, 1 hit, 0 errors, 2 left on base; Grim 0 - Plumstead 1
BOTTOM OF THE 2ND
Plumstead Eagles batting - Pitching for Grim Reapers : LHP Miguel Meneces
Batting: LHB Ramón Morán 0-0: Called Strike
0-1: Ball
1-1: SINGLE (Groundball, 6MD)
Batting: LHB Mauro López 0-0: Ball
1-0: Called Strike
1-1: Called Strike
1-2: Strikes out swinging
Batting: LHB Russell Ewing 0-0: Ball
1-0: Called Strike
1-1: Foul Ball, location: 2F
1-2: Foul Ball, location: 2F
1-2: Strikes out swinging
Batting: RHB Carlos Palomón 0-0: Ball
1-0: Foul Ball, location: 2F
1-1: Ball
2-1: DOUBLE (Line Drive, 89D)
Ramón Morán to third
Batting: SHB Joaquín Gilera 0-0: Called Strike
0-1: Fly out, F6 (Flyball, 6MD)
Bottom of the 2nd over - 0 runs, 2 hits, 0 errors, 2 left on base; Grim 0 - Plumstead 1
TOP OF THE 3RD
Grim Reapers batting - Pitching for Plumstead Eagles : RHP Conrad Wilkinson
Batting: RHB Domingo Salinas 0-0: Swinging Strike
0-1: Swinging Strike
0-2: Ball
1-2: Strikes out swinging
Batting: SHB José Castillo 0-0: Ball
1-0: Called Strike
1-1: Foul Ball, location: 2F
1-2: Strikes out looking
Batting: RHB Luis Samaripa 0-0: Called Strike
0-1: Ball
1-1: Swinging Strike
1-2: Ball
2-2: Strikes out swinging
Top of the 3rd over - 0 runs, 0 hits, 0 errors, 0 left on base; Grim 0 - Plumstead 1
BOTTOM OF THE 3RD
Plumstead Eagles batting - Pitching for Grim Reapers : LHP Miguel Meneces
Batting: SHB Travis Martin 0-0: Ball
1-0: Foul Ball, location: 2F
1-1: Called Strike
1-2: Ball
2-2: Foul Ball, location: 2F
2-2: Foul Ball, location: 2F
2-2: Strikes out swinging
Batting: LHB Ismael Barajas 0-0: Called Strike
0-1: Called Strike
0-2: Ball
1-2: Foul Ball, location: 2F
1-2: Strikes out looking
Batting: LHB Jerry Tolbert 0-0: Foul Ball, location: 2F
0-1: Ball
1-1: Fly out, F9 (Flyball, 9LS)
Bottom of the 3rd over - 0 runs, 0 hits, 0 errors, 0 left on base; Grim 0 - Plumstead 1
TOP OF THE 4TH
Grim Reapers batting - Pitching for Plumstead Eagles : RHP Conrad Wilkinson
Batting: RHB Justin Geoghegan 0-0: Ground out 6-3 (Groundball, 6)
Batting: RHB Holden Davis 0-0: Foul Ball, location: 2F
0-1: Ground out 5-3 (Groundball, 5L)
Batting: SHB Sean Moody 0-0: Swinging Strike
0-1: Ball
1-1: Ball
2-1: Foul Ball, location: 2F
2-2: Ball
3-2: Strikes out swinging
Top of the 4th over - 0 runs, 0 hits, 0 errors, 0 left on base; Grim 0 - Plumstead 1
BOTTOM OF THE 4TH
Plumstead Eagles batting - Pitching for Grim Reapers : LHP Miguel Meneces
Batting: LHB Dennis McConnell 0-0: Ball
1-0: Fly out, F4 (Line Drive, 4)
Batting: LHB Ramón Morán 0-0: Called Strike
0-1: Ball
1-1: Foul Ball, location: 2F
1-2: Foul Ball, location: 2F
1-2: Hit by Pitch
Batting: LHB Mauro López 0-0: Hit by Pitch
Ramón Morán to second
Pinch Runner at 1st Lúcio Alfaro:
Batting: LHB Russell Ewing 0-0: Ball
1-0: Fly out, F8 (Flyball, 78D)
Batting: RHB Carlos Palomón 0-0: Ball
1-0: Foul Ball, location: 2F
1-1: Ball
2-1: Hit by Pitch
Ramón Morán to third
Lúcio Alfaro to second
Batting: SHB Joaquín Gilera 0-0: Called Strike
0-1: Called Strike
0-2: Strikes out swinging
Bottom of the 4th over - 0 runs, 0 hits, 0 errors, 3 left on base; Grim 0 - Plumstead 1
TOP OF THE 5TH
Grim Reapers batting - Pitching for Plumstead Eagles : RHP Conrad Wilkinson
Batting: RHB Joel Hebert 0-0: Ball
1-0: Ball
2-0: Foul Ball, location: 2F
2-1: Foul Ball, location: 2F
2-2: Foul Ball, location: 2F
2-2: Ball
3-2: Base on Balls
Batting: RHB Júlio Núñez 0-0: Ball
1-0: Ball
2-0: Fly out, F3 (Popup, 34S)
Batting: SHB Frank Grant 0-0: Fly out, F8 (Flyball, 8LM)
Batting: RHB Domingo Salinas 0-0: Called Strike
0-1: Ball
1-1: Fielders Choice at 2nd, 6-4 (Groundball, 6)
Top of the 5th over - 0 runs, 0 hits, 0 errors, 1 left on base; Grim 0 - Plumstead 1
BOTTOM OF THE 5TH
Plumstead Eagles batting - Pitching for Grim Reapers : LHP Miguel Meneces
Batting: SHB Travis Martin 0-0: Ball
1-0: Called Strike
1-1: Called Strike
1-2: Ball
2-2: Foul Ball, location: 2F
2-2: Ground out 1-3 (Groundball, P)
Batting: LHB Ismael Barajas 0-0: Called Strike
0-1: Swinging Strike
0-2: Strikes out swinging
Batting: LHB Jerry Tolbert 0-0: Ball
1-0: Called Strike
1-1: Foul Ball, location: 2F
1-2: Foul Ball, location: 2F
1-2: Foul Ball, location: 2F
1-2: Strikes out looking
Bottom of the 5th over - 0 runs, 0 hits, 0 errors, 0 left on base; Grim 0 - Plumstead 1
TOP OF THE 6TH
Grim Reapers batting - Pitching for Plumstead Eagles : RHP Conrad Wilkinson
Batting: SHB José Castillo 0-0: Fly out, F8 (Line Drive, 78D)
Batting: RHB Luis Samaripa 0-0: Ball
1-0: Swinging Strike
1-1: Ball
2-1: Called Strike
2-2: Foul Ball, location: 2F
2-2: Foul Ball, location: 2F
2-2: Strikes out swinging
Batting: RHB Justin Geoghegan 0-0: Ball
1-0: Ball
2-0: Foul Ball, location: 2F
2-1: Called Strike
2-2: Strikes out swinging
Top of the 6th over - 0 runs, 0 hits, 0 errors, 0 left on base; Grim 0 - Plumstead 1
BOTTOM OF THE 6TH
Plumstead Eagles batting - Pitching for Grim Reapers : LHP Miguel Meneces
Pitching: RHP Dave Weeks
Batting: LHB Dennis McConnell 0-0: Swinging Strike
0-1: Foul Ball, location: 2F
0-2: Ball
1-2: Foul Ball, location: 2F
1-2: Foul Ball, location: 2F
1-2: Ball
2-2: Ball
3-2: Ground out 1-3 (Groundball, 13S)
Batting: LHB Ramón Morán 0-0: Ball
1-0: Ball
2-0: Ball
3-0: Called Strike
3-1: Fly out, F4 (Line Drive, 4)
Batting: RHB Lúcio Alfaro 0-0: Swinging Strike
0-1: Swinging Strike
0-2: Ball
1-2: Ball
2-2: Strikes out swinging
Bottom of the 6th over - 0 runs, 0 hits, 0 errors, 0 left on base; Grim 0 - Plumstead 1
TOP OF THE 7TH
Grim Reapers batting - Pitching for Plumstead Eagles : RHP Conrad Wilkinson
Batting: RHB Holden Davis 0-0: Swinging Strike
0-1: Swinging Strike
0-2: Ball
1-2: Strikes out swinging
Batting: SHB Sean Moody 0-0: Called Strike
0-1: Ball
1-1: SINGLE (Groundball, 15) (infield hit)
Batting: RHB Joel Hebert 0-0: Ball
1-0: Ball
2-0: Foul Ball, location: 2F
2-1: Ball
3-1: Fly out, F7 (Flyball, 7S)
Pinch Hitting: LHB Marcos Fontanez 0-0: Fielders Choice at 2nd, 5-4 (Groundball, 56)
Top of the 7th over - 0 runs, 1 hit, 0 errors, 1 left on base; Grim 0 - Plumstead 1
BOTTOM OF THE 7TH
Plumstead Eagles batting - Pitching for Grim Reapers : RHP Dave Weeks
Now in LF: Pedro López
Batting: LHB Russell Ewing 0-0: Ball
1-0: Called Strike
1-1: Ball
2-1: Ground out 5-3 (Groundball, 56)
Batting: RHB Carlos Palomón 0-0: Called Strike
0-1: Foul Ball, location: 2F
0-2: Fly out, F4 (Popup, 23)
Batting: SHB Joaquín Gilera 0-0: Called Strike
0-1: Ball
1-1: Called Strike
1-2: Ball
2-2: Ball
3-2: Strikes out looking
Bottom of the 7th over - 0 runs, 0 hits, 0 errors, 0 left on base; Grim 0 - Plumstead 1
TOP OF THE 8TH
Grim Reapers batting - Pitching for Plumstead Eagles : RHP Conrad Wilkinson
Batting: SHB Frank Grant 0-0: Swinging Strike
0-1: Fly out, F9 (Flyball, 9)
Batting: RHB Domingo Salinas 0-0: Foul Ball, location: 2F
0-1: Ball
1-1: Ball
2-1: Ball
3-1: Swinging Strike
3-2: Strikes out looking
Batting: SHB José Castillo 0-0: Called Strike
0-1: Ball
1-1: Swinging Strike
1-2: SINGLE (Flyball, 9S)
Pinch Hitting: RHB Esteban Concepción 0-0: Called Strike
0-1: Ball
1-1: Swinging Strike
1-2: Strikes out swinging
Top of the 8th over - 0 runs, 1 hit, 0 errors, 1 left on base; Grim 0 - Plumstead 1
BOTTOM OF THE 8TH
Plumstead Eagles batting - Pitching for Grim Reapers : RHP Dave Weeks
Now in LF: Esteban Concepción
Batting: SHB Travis Martin 0-0: Ball
1-0: Ground out U3 (Groundball, 3)
Batting: LHB Ismael Barajas 0-0: Ball
1-0: Ball
2-0: Swinging Strike
2-1: Ground out U3 (Groundball, 3L)
Batting: LHB Jerry Tolbert 0-0: DOUBLE (Line Drive, 9LD)
Batting: LHB Dennis McConnell 0-0: Called Strike
Jerry Tolbert steals 3rd base
0-1: Foul Ball, location: 2F
0-2: Strikes out swinging
Bottom of the 8th over - 0 runs, 1 hit, 0 errors, 1 left on base; Grim 0 - Plumstead 1
TOP OF THE 9TH
Grim Reapers batting - Pitching for Plumstead Eagles : RHP Conrad Wilkinson
Pitching: RHP Jesús Manuel
Batting: RHB Justin Geoghegan 0-0: Ball
1-0: Ball
2-0: Called Strike
2-1: Ball
3-1: SINGLE (Line Drive, 4MD)
Pinch Runner at 1st Jesús Pérez:
Batting: RHB Holden Davis 0-0: Called Strike
0-1: Ball
1-1: Swinging Strike
1-2: SINGLE (Flyball, 9S)
Jesús Pérez to second
Runner from 2nd tries for 3rd, SAFE, no throw
Batting: SHB Sean Moody 0-0: Ball
1-0: Called Strike
1-1: Ball
2-1: Foul Ball, location: 2F
2-2: Strikes out swinging
Batting: RHB Joel Hebert 0-0: Ball
1-0: Ball
2-0: Swinging Strike
2-1: Called Strike
2-2: Fly out, F6 (Popup, 6M)
Batting: RHB Pedro López 0-0: Ball
1-0: Ball
2-0: Called Strike
2-1: Swinging Strike
2-2: Ground out 1-3 (Groundball, 13S)
Top of the 9th over - 0 runs, 2 hits, 0 errors, 2 left on base; Grim 0 - Plumstead 1
Saturday, December 16th, 2017 - OOTP Baseball 18.8 Build 76